Description

1 base double rax upgrade stimpack + combat shield 12 marine drop followed by other drop wave. Specially design for Terran players who love to play bio and dislike late game scenario against zerg.

-Focus on getting double upgrade for marines then go full production of marines.

-Use orbital energy all for mules.

-If possible take out queens to prevent larvae output

-This build require only little amount of macro (marine production and medivac) but require tons of micro.

-First wave of drop (12 marines 2 medivac) must survive until reinforced by another 2-3 medivacs with some marauder to deny banelings or roaches.

-Losing first wave of drop will result in certain loss.

Build Order

Get SALT Encoding   

  13  0:00  SCV  
  13  0:15  Supply Depot  
  14  0:18  SCV  
  15  0:30  SCV  
  15  0:39  Barracks  
  15  0:42  Refinery  
  16  0:47  SCV x5  
  17  0:57  SCV  
  17  1:07  Refinery  
  18  1:09  SCV  
  18  1:15  Barracks  
  19  1:21  SCV  
  19  1:27  Supply Depot  
  19  1:31  Barracks Tech Lab  
  20  1:36  SCV  
  20  1:51  Orbital Command  
  20  1:59  Stimpack  
  20  2:03  Barracks Tech Lab  
  20  2:18  Factory  
  21  2:20  SCV  
  21  2:26  Combat Shield  
  22  2:33  Marine x2  
  24  2:36  SCV  
  25  2:48  SCV  
  26  2:51  Marine x2  
  27  3:02  Starport  
  27  3:03  Factory Reactor  
  28  3:09  Marine x2  
  29  3:17  Supply Depot  
  29  3:23  Supply Depot  
  30  3:26  Marine x2  
  32  3:44  Marine x2  Swap Factory and Starport
  35  3:46  Medivac x2  
  37  3:58  Barracks  
  38  4:02  Marine x2  Load marine to medivac and force cancel third hatch
  39  4:03  Supply Depot  
  40  4:12  SCV  
  41  4:20  Marine x2  Drop main base
  44  4:36  Medivac  
  45  4:38  Marine x2  
  46  4:46  Barracks Tech Lab  
  48  4:50  Medivac  
  49  4:55  Marine  
  50  4:56  Marine  
  50  5:04  Marauder, Concussive Shells  
  54  5:06  Medivac  Drop infront natural
Spawning Tool Build Advisor. Get it on Overwolf

Go to:

Details

  • Created by: Syde
  • Published on: Apr 29, 2021
  • Modified on: Apr 29, 2021
  • Patch: 4.11.0
  • Difficulty: Medium
Show
View Real Time Build Order
Export as new Build Order

Comments (0)

There are no comments. Be the first!

Create an account to comment!